 Dungeon Crawl Stone Soup version 0.26-a0-958-gf3041fb45f (webtiles) character file.

Game seed: 11709994026612898034

185 PentaManta the Slasher (level 5, -1/34 HPs)
             Began as a Halfling Gladiator on Nov 30, 2020.
             Slain by an orc
             ... wielding a cursed -2 trident
              (3 damage)
             ... on level 3 of the Dungeon.
             The game lasted 00:04:28 (2663 turns).

PentaManta the Slasher (Halfling Gladiator)         Turns: 2663, Time: 00:04:28

Health: -1/34      AC: 10    Str: 16    XL:     5   Next: 96%
Magic:  5/5        EV: 11    Int:  6    God:
Gold:   112        SH:  0    Dex: 16    Spells: 4/4 levels left

rFire    + + .     SeeInvis .   p - +2 short sword (flame)
rCold    + . .     Faith    .   (shield restricted)
rNeg     . . .     Spirit   .   s - +0 scale mail
rPois    +         Reflect  .   c - +0 helmet
rElec    +         Harm     .   (no cloak)
rCorr    +         Rampage  .   (no gloves)
MR       .....                  j - +2 pair of boots
Stlth    ..........             (no amulet)
HPRegen  0.11/turn              e - ring of protection from fire
MPRegen  0.09/turn              (no ring)

@: mighty, resistant, attractive, hasted, extremely drained, very quick
A: small, mutation resistance 1
a: no special abilities


You were on level 3 of the Dungeon.
You visited 1 branch of the dungeon, and saw 3 of its levels.

You collected 112 gold pieces.

Inventory:

Hand Weapons
 a - a +0 long sword
 o - a +0 hunting sling
 p - a +2 short sword of flaming (weapon)
Missiles
 d - 3 throwing nets
 h - 81 stones (quivered)
 u - 24 poisoned darts
Armour
 c - a +0 helmet (worn)
 j - a +2 pair of boots (worn)
 s - a +0 scale mail (worn)
Jewellery
 e - a ring of protection from fire (left hand)
 f - an uncursed ring of resist corrosion {unknown}
 k - an uncursed amulet of reflection {unknown}
Scrolls
 b - a scroll of random uselessness {unknown}
 g - a scroll of enchant armour {unknown}
 i - a scroll of immolation {unknown}
 q - 2 scrolls of identify {unknown}
 r - 4 scrolls of remove curse {unknown}
Potions
 t - a potion of resistance


   Skills:
 - Level 1.7(0.0) Fighting
 + Level 5.6(0.0) Long Blades
 * Level 3.1(0.0) Throwing
 - Level 3.2(0.0) Dodging


You had 4 spell levels left.
You didn't know any spells.
Your spell library was empty.

Dungeon Overview and Level Annotations

Branches:
Dungeon (3/15)

Altars:
Trog
Yredelemnul


Innate Abilities, Weirdness & Mutations

You are small and have problems with some larger weapons.
You are somewhat resistant to further mutation.


Message History

The orc is pulled toward you! The orc wizard is pulled toward you!
The orc misses you.
The orc wizard hits you but does no damage.
You see here 3 stones.
The orc is pulled toward you! Something is pulled toward you!
The orc wizard hits you but does no damage.
The orc is pulled toward you! Something is pulled toward you!
The orc wizard is pulled toward you! The orc barely misses you.
The orc wizard hits you but does no damage.
The orc is pulled toward you! Something is pulled toward you!
The orc is pulled toward you! The orc is pulled toward you!
Something is pulled toward you! The orc is pulled toward you!
The orc is pulled toward you! The orc wizard is pulled toward you!
The orc hits you but does no damage. The orc is pulled toward you!
The orc wizard is pulled toward you! The orc is pulled toward you!
Something is pulled toward you! The orc is pulled toward you!
Something is pulled toward you!
The orc hits you with a cursed -2 trident.
You die...

#.........#
#.........#
##.........#
#.._.......#
#..........########
#..........)......##
##.......>.######..#
#####.##### ##.### #@#
#...# #o# #...# #.#
#.### . #o# #.#
#[.##.###########.####
##.................)..
#...............######
....###.####...##..##
### #.# #(#####..####


You could see an orc wizard (fast) and an orc.

Vanquished Creatures
  A hound (D:3)
  An orc priest (D:2)
  4 gnolls (D:3)
  3 adders
  A leopard gecko (D:1)
  9 orcs
  2 giant cockroaches
  4 goblins
  8 hobgoblins
  2 jackals (D:3)
  3 kobolds
  A quokka (D:3)
  4 bats
  6 frilled lizards
  2 rats
51 creatures vanquished.

Notes
Turn   | Place    | Note
-------+----------+-------------------------------------------
     0 | D:1      | PentaManta the Halfling Gladiator began the quest for the
                  | Orb.
     0 | D:1      | Reached XP level 1. HP: 14/14 MP: 1/1
   148 | D:1      | Reached XP level 2. HP: 4/19 MP: 2/2
  1070 | D:2      | Reached skill level 4 in Long Blades
  1070 | D:2      | Reached XP level 3. HP: 24/24 MP: 3/3
  1415 | D:2      | Reached XP level 4. HP: 20/29 MP: 4/4
  1429 | D:2      | Reached skill level 5 in Long Blades
  1676 | D:2      | Found a basalt altar of Yredelemnul.
  2229 | D:3      | Reached XP level 5. HP: 29/34 MP: 5/5
  2470 | D:3      | Found a bloodstained altar of Trog.
  2652 | D:3      | HP: 1/34 [something (1)]
  2663 | D:3      | Slain by an orc

Illustrated notes

Levels and vault maps discovered:
D:1:      sevenhm_arrival_forest_fort_large_2, layout_basic
D:2:      layout_loops_corners, yredelemnul_altar_generic,
          hangedman_decor_opposing
D:3:      layout_rooms, bloody_trog

Skill      XL: |  1  2  3  4  5 |
---------------+----------------+-----
Long Blades    | 4 5 |  5.6
Throwing       | 3 |  3.1
Fighting       | |  1.7
Dodging        | |  3.2

Action                   |  1- 3 |  4- 6 || total
-------------------------+-------+-------++-------
Melee: Long sword        |    14 |       ||    14
       Short sword       |    49 |    65 ||   114
 Fire: Hunting sling     |       |    70 ||    70
Throw: Stone             |     3 |       ||     3
  Use: Potion            |       |     4 ||     4
Armor: Leather armour    |    15 |     1 ||    16
       Scale mail        |       |    69 ||    69
Dodge: Dodged            |    48 |    90 ||   138
       Rpst.: Long sword |     3 |       ||     3

Table legend: (Time is in decaauts)
 A = Elapsed time spent in this place.
 B = Non-inter-level travel time spent in this place.
 C = Inter-level travel time spent in this place.
 D = Time resting spent in this place.
 E = Time spent auto-exploring this place.
 F = Levels seen in this place.
 G = Mean time per level.
                   A        B        C        D        E       F      G
               +--------+--------+--------+--------+--------+-----+--------+
         Total |   2662 |   2594 |     68 |      0 |   2168 |   3 |  887.3 |
       Dungeon |   2662 |   2594 |     68 |      0 |   2168 |   3 |  887.3 |
               +--------+--------+--------+--------+--------+-----+--------+

Top non-repeatable levels by time:
     D:2: 1109 daAuts
     D:1: 1068 daAuts
     D:3: 484 daAuts
